 Dungeon Crawl Stone Soup version 0.19.1-1-g22dce08 (webtiles) character file.

69 esteth the Poker (level 4, 0/35 HPs)
             Began as a Formicid Abyssal Knight on Jan 2, 2017.
             Was a Believer of Lugonu.
             Slain by a gnoll
             ... wielding a +0 spear
              (6 damage)
             ... on level 2 of the Dungeon.
             The game lasted 00:03:32 (1392 turns).

esteth the Poker (Formicid Abyssal Knight)          Turns: 1392, Time: 00:03:33

Health: 0/35       AC:  6    Str: 18    XL:     4   Next: 42%
Magic:  5/5        EV:  9    Int: 11    God:    Lugonu [**....]
Gold:   111        SH:  0    Dex: 10    Spells: 0 memorised, 3 levels left

rFire  . . .     SeeInvis +     a - +1 spear
rCold  . . .     Gourm    .     h - +0 scale mail
rNeg   . . .     Faith    .     (no shield)
rPois  .         Spirit   .     (helmet unavailable)
rElec  .         Reflect  .     (no cloak)
rCorr  .         Harm     .     (no gloves)
MR     .....                    (no boots)
Stlth  ..........               (no amulet)
                                (no ring)
                                (no ring)

@: no status effects
A: permanent stasis, dig shafts and tunnels, four strong arms, antennae 3
a: Dig, Shaft Self, Depart the Abyss, Bend Space, Renounce Religion


You were on level 2 of the Dungeon.
You worshipped Lugonu.
Lugonu was pleased with you.
You were not hungry.

You visited 1 branch of the dungeon, and saw 2 of its levels.
You visited the Abyss 1 time.

You collected 111 gold pieces.

Inventory:

Hand Weapons
 a - a +1 spear (weapon)
Armour
 b - a +0 leather armour
 h - a +0 scale mail (worn)
Scrolls
 d - a scroll of magic mapping {unknown}
 e - a scroll of immolation {unknown}
 i - a scroll of identify {unknown}
 m - a scroll of amnesia {unknown}
 n - 2 scrolls of remove curse {unknown}
 p - a scroll of random uselessness {unknown}
 s - a scroll of teleportation {unknown}
Potions
 g - 2 potions of curing {unknown}
 j - a potion of flight {unknown}
 k - a potion of heal wounds {unknown}
 l - a potion of cure mutation {unknown}
 q - 2 potions of degeneration {unknown}
 r - a potion of mutation {unknown}
Comestibles
 c - 2 bread rations
 f - 2 chunks of flesh
 o - a slice of pizza


   Skills:
 - Level 3.3 Fighting
 + Level 4.0 Polearms
 - Level 2.5 Armour
 - Level 1.0 Dodging
 - Level 2.3 Invocations


You had 3 spell levels left.
You didn't know any spells.

Dungeon Overview and Level Annotations

Branches:
Dungeon (2/15)

Altars:


Innate Abilities, Weirdness & Mutations

You are under a permanent stasis effect.
You can dig through walls and to a lower floor.
Your four strong arms can wield two-handed weapons with a shield.
You have a pair of large antennae on your head. (SInv)


Message History

You hit the gnoll.
The gnoll is heavily wounded.
The gnoll hits you!
The gnoll hits you from afar with a spear. x2
You hit the gnoll but do no damage.
The gnoll is heavily wounded.
The gnoll closely misses you.
The gnoll hits you from afar with a spear.
* * * LOW HITPOINT WARNING * * *
The gnoll hits you from afar with a spear.
* * * LOW HITPOINT WARNING * * *
You are too injured to fight recklessly!
The gnoll hits you but does no damage. x3
The gnoll barely misses you. The gnoll closely misses you.
The gnoll hits you from afar with a spear.
* * * LOW HITPOINT WARNING * * *
The gnoll hits you but does no damage.
The gnoll hits you from afar with a spear.
You die...

############ ######
##.....##...###....###
##.......#.......##.<..
#.....@......##########
#....g.......# #..
#....gg......# #.#
#......>.....# ##.#
#............# #..#
##.......##### #.##
#.........# #...
#.........# #..#
#.............######..#


You could see 3 gnolls.

Vanquished Creatures
  3 adders (D:2)
  A worm (D:2)
  3 dart slugs
  A ball python (D:1)
  2 bats (D:1)
  2 giant cockroaches
  5 goblins
  3 hobgoblins
  A quokka (D:2)
  3 frilled lizards
  6 kobolds
  6 rats
36 creatures vanquished.

Notes
Turn   | Place    | Note
-------+----------+-------------------------------------------
     0 | Abyss:1  | esteth the Formicid Abyssal Knight began the quest for the Orb.
     0 | Abyss:1  | Reached XP level 1. HP: 18/18 MP: 2/2
    52 | Abyss:1  | Noticed a small abomination
    60 | Abyss:1  | Noticed a wretched star
    60 | D:1      | Escaped the Abyss
   142 | D:1      | Reached * piety under Lugonu
   232 | D:1      | Reached skill level 1 in Dodging
   232 | D:1      | Reached XP level 2. HP: 21/24 MP: 3/3
   373 | D:1      | Reached XP level 3. HP: 23/29 MP: 4/4
   464 | D:1      | Reached skill level 3 in Polearms
  1225 | D:2      | Reached XP level 4. HP: 32/35 MP: 5/5
  1275 | D:2      | Reached skill level 4 in Polearms
  1340 | D:2      | Reached ** piety under Lugonu
  1392 | D:2      | Slain by a gnoll

Skill      XL: |  1  2  3  4 |
---------------+-------------+-----
Dodging        | 1 |  1.0
Polearms       | 3 4 |  4.0
Fighting       | |  3.3
Armour         | |  2.5
Invocations    | |  2.3

Action                   |  1- 3 |  4- 6 || total
-------------------------+-------+-------++-------
Melee: Spear             |   125 |    28 ||   153
Invok: Depart the Abyss  |     1 |       ||     1
  Eat: Chunk             |     1 |     1 ||     2
Armor: Leather armour    |     1 |       ||     1
       Scale mail        |    39 |     8 ||    47
Dodge: Dodged            |    34 |    14 ||    48
